 Dungeon Crawl Stone Soup version 0.19.1 (webtiles) character file.

143 esteth the Firebug (level 5, -2/28 HPs)
             Began as a Gargoyle Fire Elementalist on Dec 17, 2016.
             Slain by Natasha (4 damage)
             ... on level 4 of the Dungeon.
             The game lasted 00:13:21 (3443 turns).

esteth the Firebug (Gargoyle Fire Elementalist)     Turns: 3443, Time: 00:13:21

Health: -2/28      AC:  7    Str: 11    XL:     5   Next: 25%
Magic:  6/9        EV: 12    Int: 17    God:
Gold:   65         SH:  4    Dex: 10    Spells: 3 memorised, 1 level left

rFire  . . .     SeeInvis .     p - +2 hand axe (vamp)
rCold  . . .     Gourm    .     a - +0 robe
rNeg   + . .     Faith    .     (no shield)
rPois  ∞         Spirit   .     (no helmet)
rElec  +         Reflect  +     d - +0 cloak
rCorr  .         Harm     .     (no gloves)
MR     .....                    (no boots)
Stlth  ++........               w - +4 amulet of reflection
                                (no ring)
                                (no ring)

@: no status effects
A: negative energy resistance 1, electricity resistance, unbreathing,
petrification resistance, rot immunity, AC +4
a: no special abilities


You were on level 4 of the Dungeon.
You were not hungry.

You visited 1 branch of the dungeon, and saw 4 of its levels.

You collected 65 gold pieces.

Inventory:

Hand Weapons
 e - a +0 dagger
 o - a +0 hunting sling
 p - a +2 vampiric hand axe (weapon)
Armour
 a - a +0 robe (worn)
 d - a +0 cloak (worn)
Jewellery
 w - a +4 amulet of reflection (around neck)
Scrolls
 k - a scroll of random uselessness
 q - 5 scrolls of identify
 s - 2 scrolls of fog
 v - a scroll of noise {unknown}
Potions
 f - a potion of haste {unknown}
 g - a potion of agility
 h - 2 potions of heal wounds {unknown}
 i - a potion of berserk rage {unknown}
 j - a potion of ambrosia {unknown}
 l - a potion of cure mutation {unknown}
 m - a potion of might {unknown}
 n - a potion of brilliance {unknown}
 r - a potion of curing {unknown}
Books
 b - a book of Flames

   Spells                             Type                      Level
   a - Flame Tongue                   Conjuration/Fire             1
   b - Throw Flame                    Conjuration/Fire             2
   c - Conjure Flame                  Conjuration/Fire             3
   d - Inner Flame                    Hexes/Fire                   3
   e - Sticky Flame                   Conjuration/Fire             4
   f - Fireball                       Conjuration/Fire             5
Comestibles
 c - a bread ration
 t - 2 fruits


   Skills:
 + Level 0.1 Axes
 - Level 1.5 Dodging
 - Level 2.1 Stealth
 + Level 3.1 Spellcasting
 + Level 2.9 Conjurations
 + Level 4.2 Fire Magic


You had one spell level left.
You knew the following spells:

 Your Spells              Type           Power        Failure   Level  Hunger
a - Flame Tongue          Conj/Fire      ##...        4%          1    None
b - Conjure Flame         Conj/Fire      ##......     14%         3    ###....
c - Fireball              Conj/Fire      ##........   95%         5    ######.


Dungeon Overview and Level Annotations

Branches:
Dungeon (4/15)
 Temple: D:4-7

Altars:
Sif Muna

Portals:
Ossuary: D:4

Annotations:
D:3 Grinder
D:4 Natasha


Innate Abilities, Weirdness & Mutations

You are resistant to torment.
Your stone body is resilient. (AC +4)
You are immune to poison.
You resist negative energy. (rN+)
You are resistant to electric shocks. (rElec)
You can survive without breathing.
You are immune to petrification.
You are immune to rotting.


Message History

Natasha zaps a wand.
The puff of flame hits you!
* * * LOW HITPOINT WARNING * * *
Casting: Flame Tongue
Confirm with . or Enter, or press ? or * to list all spells.
Aiming: Flame Tongue
Press: ? - help, Shift-Dir - straight line, f/p - Natasha
Aim: Natasha, carrying a wand of flame {zapped: 2} (heavily wounded)
The flame tongue hits Natasha.
Natasha is almost dead.
Natasha misses you.
You are too injured to fight recklessly!
Casting: Flame Tongue
Confirm with . or Enter, or press ? or * to list all spells.
Aiming: Flame Tongue
Press: ? - help, Shift-Dir - straight line, f/p - Natasha
Aim: Natasha, carrying a wand of flame {zapped: 2} (almost dead)
The flame tongue hits Natasha.
Natasha appears unharmed.
Natasha is almost dead.
Natasha claws you.
You die...

....#########.#####.#
###......#.<......#.#
##.............#.#.##
#...................########
#...............#..........#
#..♣♣♣♣♣........#..........#
#..♣###♣........#..........#
#..♣#_'.........############
#..♣###♣.......@#
##.♣♣♣♣♣......h###
##.....#........#
#######.######.####### #.#
#.........# #.. #......$..#
##. #....h....#
.#...........#
...#.........#


You could see Natasha.

Vanquished Creatures
  A bullfrog skeleton (D:4)
  Robin (D:3)
  An adder (D:3)
  A worm (D:2)
  3 leopard geckos
  2 orcs
  3 giant cockroaches
  11 goblins
  10 hobgoblins
  4 jackals (D:1)
  9 kobolds
  4 quokkas
  A ball python (D:3)
  12 bats
  8 frilled lizards
  13 rats
84 creatures vanquished.

Notes
Turn   | Place    | Note
-------+----------+-------------------------------------------
     0 | D:1      | esteth the Gargoyle Fire Elementalist began the quest for the Orb.
     0 | D:1      | Reached XP level 1. HP: 10/10 MP: 3/3
   395 | D:1      | Reached XP level 2. HP: 8/15 MP: 3/5
  1272 | D:1      | Reached XP level 3. HP: 15/19 MP: 0/6
  2214 | D:3      | Reached XP level 4. HP: 24/24 MP: 3/8
  2493 | D:3      | Noticed Robin
  2509 | D:3      | Reached skill level 4 in Fire Magic
  2534 | D:3      | Killed Robin
  2654 | D:3      | Noticed Grinder
  2662 | D:3      | Paralysed by Grinder for 2 turns
  2669 | D:3      | Paralysed by Grinder for 5 turns
  2727 | D:3      | Paralysed by Grinder for 3 turns
  3161 | D:4      | Found a deep blue altar of Sif Muna.
  3193 | D:4      | Found a sand-covered staircase.
  3301 | D:4      | Reached XP level 5. HP: 15/28 MP: 9/9
  3408 | D:4      | Learned a level 3 spell: Conjure Flame
  3414 | D:4      | Learned a level 5 spell: Fireball
  3431 | D:4      | Noticed Natasha
  3443 | D:4      | Slain by Natasha

Skill      XL: |  1  2  3  4 |
---------------+-------------+-----
Conjurations   | 2 |  2.9
Fire Magic     | 4 |  4.2
Spellcasting   | 3 |  3.1
Axes           | |  0.1
Dodging        | |  1.5
Stealth        | |  2.1

Action                   |  1- 3 |  4- 6 || total
-------------------------+-------+-------++-------
Melee: Unarmed           |    21 |       ||    21
       Dagger            |    12 |       ||    12
       Hand axe          |       |    74 ||    74
 Cast: Flame Tongue      |    85 |    28 ||   113
  Use: Scroll            |     3 |     4 ||     7
 Stab: Sleeping          |       |     1 ||     1
  Eat: Chunk             |     5 |     1 ||     6
       Bread ration      |       |     2 ||     2
       Fruit             |       |     1 ||     1
Armor: Robe              |    27 |    39 ||    66
Dodge: Dodged            |    66 |    73 ||   139
Block: Other             |       |     3 ||     3
